[ PARTIDA AOE2 · #492219351 ]
Team RMPersas vs Malians
[ ANÁLISIS DE REPETICIÓN · EXTRAÍDO DE LA PARTIDA GRABADA ]
Feudal
30:10
Castillos
33:40
Imperial
—
| APM promedio | 16.9 |
| APM pico | 42 |
| eAPM promedio | 10.2 |
| Aldeanos / militares | 101 / 2 |
Foco
⚔️ 24.1% · 🌾 75.9%
Fishing Ship ×14 · Knight ×2
Feudal
15:31
Castillos
20:16
Imperial
—
| APM promedio | 17.6 |
| APM pico | 41 |
| eAPM promedio | 11.9 |
| Aldeanos / militares | 56 / 72 |
Foco
⚔️ 29.5% · 🌾 70.5%
Skirmisher ×43 · Camel Scout ×12 · Scout Cavalry ×10 · Fishing Ship ×9 · Gbeto ×7
Feudal
11:48
Castillos
24:23
Imperial
36:31
| APM promedio | 27.9 |
| APM pico | 64 |
| eAPM promedio | 17.3 |
| Aldeanos / militares | 136 / 163 |
Foco
⚔️ 31.0% · 🌾 69.0%
Skirmisher ×127 · Fishing Ship ×50 · Cavalry Archer ×35 · Unknown (2626) ×14 · Monk ×1
Feudal
15:20
Castillos
19:40
Imperial
39:45
| APM promedio | 40.7 |
| APM pico | 98 |
| eAPM promedio | 21.6 |
| Aldeanos / militares | 200 / 53 |
Foco
⚔️ 19.6% · 🌾 80.4%
Skirmisher ×32 · Throwing Axeman ×21 · Fishing Ship ×4
Feudal
14:25
Castillos
18:36
Imperial
26:27
| APM promedio | 21.9 |
| APM pico | 36 |
| eAPM promedio | 15.8 |
| Aldeanos / militares | 113 / 80 |
Foco
⚔️ 32.4% · 🌾 67.6%
Battle Elephant ×58 · Fishing Ship ×24 · Rattan Archer ×10 · Trebuchet (Packed) ×7 · Skirmisher ×5
Feudal
14:25
Castillos
18:47
Imperial
39:28
| APM promedio | 31.3 |
| APM pico | 64 |
| eAPM promedio | 17.9 |
| Aldeanos / militares | 99 / 48 |
Foco
⚔️ 21.4% · 🌾 78.6%
Genoese Crossbowman ×44 · Fishing Ship ×7 · Mangonel ×4
Feudal
13:51
Castillos
19:56
Imperial
35:09
| APM promedio | 23.9 |
| APM pico | 43 |
| eAPM promedio | 16.5 |
| Aldeanos / militares | 120 / 82 |
Foco
⚔️ 34.7% · 🌾 65.3%
Genoese Crossbowman ×62 · Fishing Ship ×15 · Unknown (2626) ×15 · Bombard Cannon ×13 · Battering Ram ×7
Feudal
14:46
Castillos
35:02
Imperial
—
| APM promedio | 21.0 |
| APM pico | 73 |
| eAPM promedio | 13.9 |
| Aldeanos / militares | 78 / 2 |
Foco
⚔️ 19.5% · 🌾 80.5%
Fishing Ship ×19 · Mangonel ×2 · Unknown (2626) ×1
Mapa de la partida
Recursos iniciales + cada clic de construcción. Líneas = muros · curvas = relieve. ◆ oro · ⬟ piedra · ● bayas · ✦ reliquia · ◌ hueco del cierre
Tu base· Abierta — hueco de 10t
Base de DonPabloMIjo949· Abierta — hueco de 5t
Base de benji· Abierta — flanco sin cerrar
Base de OM | Romeo D. Sins· Abierta — flanco sin cerrar
Base de MeHawK· Abierta — hueco de 10t
Base de OM | ingjuanpalencia· Abierta — flanco sin cerrar
Base de Saruman117· Abierta — hueco de 13t
Base de OM | Massiosare· Abierta — hueco de 1t
Terreno inicial suavizado · ◌ = hueco del cierre detectado · pasá el cursor para detalles
Inputs por minuto
— Dadagama - - DonPabloMIjo949
Build order — Dadagama
137 acciones detectadas en el replay
| 0:15 | Construir | Town Center |
| 0:54 | Construir | Dock |
| 0:56 | Construir | House |
| 2:40 | Crear | Villager (Male) ×5 |
| 2:40 | Crear | Villager (Male) ×5 |
| 2:46 | Crear | Fishing Ship |
| 2:47 | Crear | Fishing Ship |
| 4:12 | Construir | House |
| 4:15 | Crear | Villager (Male) |
| 4:26 | Crear | Fishing Ship |
| 5:10 | Crear | Villager (Male) |
| 5:10 | Crear | Villager (Male) |
| 5:12 | Investigar | Loom |
| 5:47 | Crear | Fishing Ship |
| 5:48 | Crear | Fishing Ship |
| 5:48 | Crear | Fishing Ship |
| 5:50 | Crear | Villager (Male) |
| 5:50 | Crear | Villager (Male) |
| 6:07 | Construir | House |
| 6:37 | Crear | Villager (Male) |
| 6:38 | Crear | Villager (Male) |
| 6:38 | Crear | Villager (Male) |
| 7:07 | Construir | Lumber Camp |
| 7:43 | Construir | Town Center |
| 8:38 | Crear | Villager (Male) |
| 8:38 | Crear | Villager (Male) |
| 8:38 | Crear | Villager (Male) |
| 9:08 | Crear | Villager (Male) |
| 9:13 | Crear | Fishing Ship |
| 9:29 | Crear | Villager (Male) |
| 9:35 | Construir | House |
| 10:24 | Crear | Villager (Male) |
| 10:24 | Crear | Villager (Male) |
| 11:13 | Crear | Villager (Male) |
| 11:13 | Crear | Villager (Male) |
| 12:05 | Construir | Town Center |
| 12:52 | Crear | Villager (Male) |
| 12:53 | Crear | Villager (Male) |
| 13:25 | Construir | House |
| 13:33 | Crear | Villager (Male) |
| 13:33 | Crear | Villager (Male) |
| 14:00 | Construir | House |
| 14:17 | Crear | Villager (Male) |
| 14:17 | Crear | Villager (Male) |
| 15:42 | Crear | Villager (Male) |
| 15:42 | Crear | Villager (Male) |
| 15:42 | Crear | Villager (Male) |
| 15:42 | Crear | Villager (Male) |
| 15:45 | Crear | Villager (Male) |
| 16:29 | Construir | Outpost |
| 17:05 | Construir | Town Center |
| 17:49 | Crear | Villager (Male) ×5 |
| 18:17 | Crear | Fishing Ship |
| 18:18 | Crear | Fishing Ship |
| 18:26 | Construir | Palisade Wall |
| 18:29 | Construir | Palisade Wall |
| 18:36 | Crear | Fishing Ship |
| 19:10 | Construir | House |
| 19:11 | Construir | House |
| 20:29 | Construir | Outpost |
| 21:14 | Crear | Villager (Male) ×5 |
| 22:19 | Construir | Palisade Gate |
| 22:22 | Construir | House |
| 24:44 | Crear | Villager (Male) |
| 24:45 | Crear | Villager (Male) |
| 24:45 | Crear | Villager (Male) |
| 24:45 | Crear | Villager (Male) |
| 24:45 | Crear | Villager (Male) |
| 24:46 | Crear | Villager (Male) |
| 24:59 | Construir | Lumber Camp |
| 26:49 | Construir | Town Center |
| 27:00 | Construir | Mill |
| 28:07 | Investigar | Feudal Age |
| 28:07 | Investigar | Feudal Age |
| 28:16 | Construir | Mining Camp |
| 29:18 | Crear | Villager (Male) ×5 |
| 30:10 | Edad | Edad Feudal |
| 30:14 | Construir | Market |
| 30:16 | Construir | Blacksmith |
| 30:38 | Crear | Villager (Male) |
| 31:15 | Investigar | Castle Age |
| 32:53 | Investigar | Double-Bit Axe |
| 33:06 | Investigar | Wheelbarrow |
| 33:09 | Crear | Villager (Male) ×4 |
| 33:40 | Edad | Edad de los Castillos |
| 33:43 | Construir | Town Center |
| 34:58 | Crear | Villager (Male) ×5 |
| 35:07 | Construir | House |
| 35:13 | Construir | House |
| 35:14 | Construir | House |
| 35:15 | Construir | House |
| 35:40 | Crear | Villager (Male) ×3 |
| 36:16 | Construir | Town Center |
| 36:33 | Construir | Dock |
| 36:39 | Crear | Villager (Male) ×2 |
| 37:36 | Construir | House |
| 37:37 | Construir | House |
| 37:38 | Construir | House |
| 37:43 | Crear | Villager (Male) |
| 38:10 | Crear | Villager (Male) |
| 38:27 | Crear | Fishing Ship |
| 38:27 | Crear | Fishing Ship |
| 38:52 | Investigar | Tech 906 |
| 38:52 | Crear | Fishing Ship |
| 38:52 | Crear | Fishing Ship |
| 39:09 | Crear | Villager (Male) ×5 |
| 39:30 | Construir | Barracks |
| 39:35 | Investigar | Scale Barding Armor |
| 39:38 | Crear | Villager (Male) |
| 40:03 | Investigar | Forging |
| 40:12 | Construir | Stable |
| 40:16 | Investigar | Horse Collar |
| 40:20 | Construir | Farm |
| 40:23 | Construir | Farm |
| 40:24 | Crear | Villager (Male) ×5 |
| 40:46 | Crear | Villager (Male) |
| 40:46 | Crear | Villager (Male) |
| 40:47 | Crear | Villager (Male) |
| 40:47 | Crear | Villager (Male) |
| 40:48 | Crear | Villager (Male) ×2 |
| 40:57 | Construir | Stable |
| 41:03 | Construir | House |
| 41:04 | Construir | House |
| 41:04 | Construir | House |
| 41:05 | Construir | House |
| 41:05 | Construir | House |
| 41:20 | Crear | Knight |
| 41:29 | Crear | Villager (Male) ×3 |
| 41:32 | Construir | Farm |
| 41:34 | Construir | Farm |
| 41:36 | Construir | Farm |
| 41:44 | Crear | Knight |
| 41:54 | Construir | Farm |
| 41:57 | Construir | Farm |
| 41:59 | Construir | Farm |
| 42:03 | Construir | Farm |
| 42:08 | Crear | Villager (Male) ×5 |
Build order — DonPabloMIjo949
Primeras 150 de 259 acciones detectadas
| 0:58 | Construir | Town Center |
| 2:16 | Construir | Dock |
| 3:04 | Construir | House |
| 3:33 | Crear | Villager (Male) |
| 3:33 | Crear | Villager (Male) |
| 3:33 | Crear | Villager (Male) |
| 3:34 | Crear | Villager (Male) |
| 3:34 | Crear | Villager (Male) |
| 4:43 | Crear | Fishing Ship |
| 4:52 | Crear | Villager (Male) |
| 5:14 | Construir | House |
| 5:18 | Construir | House |
| 5:45 | Investigar | Loom |
| 5:51 | Crear | Fishing Ship |
| 6:14 | Crear | Villager (Male) |
| 6:28 | Crear | Fishing Ship |
| 7:06 | Crear | Villager (Male) |
| 7:17 | Crear | Fishing Ship |
| 7:28 | Crear | Villager (Male) |
| 7:29 | Crear | Villager (Male) |
| 7:51 | Crear | Villager (Male) |
| 7:52 | Crear | Villager (Male) |
| 8:11 | Crear | Villager (Male) |
| 8:33 | Crear | Villager (Male) |
| 8:36 | Crear | Fishing Ship |
| 8:37 | Crear | Fishing Ship |
| 8:47 | Construir | House |
| 8:58 | Construir | House |
| 9:10 | Crear | Villager (Male) |
| 9:10 | Crear | Villager (Male) |
| 9:30 | Construir | Mill |
| 9:53 | Construir | House |
| 9:59 | Crear | Villager (Male) |
| 10:31 | Crear | Villager (Male) |
| 10:39 | Crear | Villager (Male) |
| 10:42 | Crear | Fishing Ship |
| 10:42 | Crear | Fishing Ship |
| 10:51 | Crear | Villager (Male) |
| 11:16 | Crear | Villager (Male) |
| 11:35 | Crear | Villager (Male) |
| 11:43 | Crear | Fishing Ship |
| 12:42 | Crear | Villager (Male) |
| 13:01 | Construir | Mining Camp |
| 13:02 | Investigar | Feudal Age |
| 13:30 | Construir | House |
| 13:32 | Construir | House |
| 14:28 | Construir | Mill |
| 14:41 | Construir | House |
| 15:22 | Crear | Villager (Male) |
| 15:23 | Crear | Villager (Male) |
| 15:25 | Crear | Villager (Male) |
| 15:31 | Edad | Edad Feudal |
| 15:33 | Construir | Market |
| 16:21 | Construir | Blacksmith |
| 17:01 | Crear | Villager (Male) |
| 17:25 | Construir | Lumber Camp |
| 17:35 | Construir | Palisade Wall |
| 17:36 | Investigar | Castle Age |
| 17:45 | Construir | Palisade Wall |
| 19:15 | Construir | Palisade Wall |
| 19:35 | Investigar | Horse Collar |
| 19:37 | Investigar | Double-Bit Axe |
| 20:07 | Investigar | Wheelbarrow |
| 20:16 | Edad | Edad de los Castillos |
| 20:39 | Investigar | Bow Saw |
| 21:20 | Construir | Palisade Wall |
| 21:23 | Crear | Villager (Male) |
| 21:27 | Investigar | Heavy Plow |
| 21:46 | Crear | Villager (Male) |
| 21:52 | Crear | Villager (Male) |
| 21:59 | Investigar | Gold Mining |
| 22:07 | Construir | Castle |
| 22:16 | Construir | Palisade Wall |
| 22:32 | Construir | Castle |
| 22:41 | Crear | Villager (Male) |
| 23:16 | Crear | Villager (Male) |
| 23:17 | Crear | Villager (Male) |
| 23:46 | Construir | Farm |
| 23:46 | Construir | Farm |
| 23:47 | Construir | Farm |
| 23:47 | Construir | Farm |
| 23:47 | Construir | Farm |
| 23:47 | Construir | Farm |
| 23:48 | Construir | Farm |
| 23:48 | Construir | Farm |
| 23:55 | Crear | Gbeto |
| 23:56 | Crear | Gbeto |
| 24:13 | Crear | Villager (Male) |
| 24:13 | Crear | Villager (Male) |
| 24:21 | Crear | Gbeto |
| 24:40 | Crear | Villager (Male) |
| 24:49 | Construir | Farm |
| 24:53 | Construir | Farm |
| 24:54 | Construir | Farm |
| 24:56 | Crear | Villager (Male) |
| 25:07 | Crear | Villager (Male) |
| 25:10 | Crear | Villager (Male) |
| 26:26 | Construir | Town Center |
| 26:52 | Construir | House |
| 26:54 | Construir | House |
| 26:56 | Construir | House |
| 27:00 | Construir | Palisade Wall |
| 28:46 | Crear | Gbeto |
| 28:47 | Crear | Gbeto |
| 28:48 | Crear | Gbeto |
| 28:48 | Crear | Gbeto |
| 28:56 | Construir | Lumber Camp |
| 29:23 | Construir | Town Center |
| 29:34 | Construir | Barracks |
| 29:45 | Crear | Villager (Male) |
| 29:45 | Crear | Villager (Male) |
| 29:51 | Construir | House |
| 29:52 | Construir | House |
| 29:54 | Construir | House |
| 29:57 | Construir | House |
| 30:20 | Investigar | Fletching |
| 30:21 | Investigar | Padded Archer Armor |
| 30:37 | Construir | Archery Range |
| 30:40 | Construir | Archery Range |
| 31:25 | Construir | House |
| 31:26 | Construir | House |
| 31:27 | Construir | House |
| 31:31 | Construir | Archery Range |
| 31:33 | Construir | Archery Range |
| 31:35 | Construir | Archery Range |
| 31:43 | Crear | Villager (Male) |
| 31:43 | Crear | Villager (Male) |
| 31:43 | Crear | Villager (Male) |
| 31:48 | Construir | Farm |
| 31:48 | Construir | Farm |
| 31:48 | Construir | Farm |
| 31:49 | Construir | Farm |
| 31:49 | Construir | Farm |
| 31:49 | Construir | Farm |
| 31:49 | Construir | Farm |
| 31:51 | Crear | Villager (Male) |
| 31:51 | Crear | Villager (Male) |
| 31:53 | Construir | Mill |
| 31:59 | Crear | Villager (Male) |
| 32:00 | Crear | Villager (Male) |
| 32:07 | Construir | Farm |
| 32:07 | Construir | Farm |
| 32:07 | Construir | Farm |
| 32:07 | Construir | Farm |
| 32:12 | Investigar | Elite Skirmisher (upgrade) |
| 32:24 | Crear | Skirmisher |
| 32:25 | Crear | Skirmisher |
| 32:25 | Crear | Skirmisher |
| 32:26 | Crear | Skirmisher |
| 32:40 | Construir | House |
Build order — benji
Primeras 150 de 400 acciones detectadas
| 0:28 | Construir | Town Center |
| 1:16 | Construir | Dock |
| 1:17 | Construir | House |
| 2:48 | Crear | Villager (Male) |
| 2:48 | Crear | Villager (Male) |
| 2:48 | Crear | Villager (Male) |
| 2:49 | Crear | Villager (Male) |
| 2:49 | Crear | Villager (Male) |
| 3:50 | Crear | Fishing Ship |
| 3:51 | Crear | Fishing Ship |
| 4:22 | Crear | Villager (Male) |
| 4:23 | Crear | Villager (Male) |
| 4:35 | Construir | House |
| 4:45 | Crear | Fishing Ship |
| 4:45 | Crear | Fishing Ship |
| 4:51 | Investigar | Loom |
| 5:26 | Crear | Villager (Male) |
| 5:27 | Crear | Villager (Male) |
| 5:53 | Crear | Villager (Male) |
| 5:53 | Crear | Villager (Male) |
| 5:53 | Crear | Villager (Male) |
| 5:56 | Crear | Fishing Ship |
| 5:56 | Crear | Fishing Ship |
| 6:04 | Crear | Villager (Male) |
| 6:04 | Crear | Villager (Male) |
| 6:31 | Crear | Villager (Male) |
| 6:31 | Crear | Villager (Male) |
| 6:31 | Crear | Villager (Male) |
| 7:06 | Construir | House |
| 7:26 | Crear | Fishing Ship |
| 7:29 | Crear | Villager (Male) |
| 7:42 | Construir | House |
| 8:08 | Crear | Villager (Male) |
| 8:09 | Crear | Villager (Male) |
| 8:37 | Construir | Mill |
| 9:13 | Crear | Villager (Male) |
| 9:13 | Crear | Villager (Male) |
| 9:13 | Crear | Villager (Male) |
| 9:14 | Crear | Villager (Male) |
| 9:35 | Investigar | Feudal Age |
| 9:35 | Investigar | Feudal Age |
| 9:47 | Construir | Mining Camp |
| 10:02 | Construir | Lumber Camp |
| 10:52 | Crear | Villager (Male) |
| 10:53 | Crear | Villager (Male) |
| 11:18 | Construir | Dock |
| 11:34 | Crear | Fishing Ship |
| 11:48 | Edad | Edad Feudal |
| 11:54 | Crear | Unit 2626 ×2 |
| 12:08 | Crear | Unit 2626 |
| 12:08 | Crear | Villager (Male) |
| 12:11 | Construir | House |
| 12:12 | Construir | House |
| 12:18 | Construir | House |
| 12:22 | Investigar | Double-Bit Axe |
| 12:22 | Investigar | Double-Bit Axe |
| 12:27 | Crear | Unit 2626 |
| 12:28 | Crear | Villager (Male) |
| 12:37 | Construir | House |
| 12:46 | Construir | House |
| 13:06 | Crear | Unit 2626 |
| 13:06 | Crear | Unit 2626 |
| 13:08 | Crear | Villager (Male) |
| 13:10 | Construir | House |
| 13:40 | Crear | Unit 2626 |
| 13:40 | Crear | Unit 2626 |
| 13:41 | Crear | Villager (Male) |
| 13:43 | Construir | House |
| 13:44 | Construir | House |
| 13:56 | Crear | Villager (Male) |
| 14:04 | Construir | Lumber Camp |
| 14:09 | Crear | Unit 2626 |
| 14:10 | Crear | Unit 2626 |
| 14:18 | Construir | House |
| 14:43 | Crear | Villager (Male) |
| 14:45 | Crear | Villager (Male) |
| 14:52 | Construir | House |
| 15:10 | Crear | Unit 2626 |
| 15:11 | Investigar | Tech 906 |
| 15:12 | Investigar | Tech 906 |
| 15:13 | Crear | Villager (Male) |
| 15:13 | Crear | Villager (Male) |
| 15:21 | Crear | Villager (Male) |
| 15:25 | Construir | House |
| 15:35 | Crear | Unit 2626 ×2 |
| 15:54 | Construir | Market |
| 16:05 | Investigar | Horse Collar |
| 16:26 | Investigar | Gold Mining |
| 16:26 | Investigar | Gold Mining |
| 16:39 | Crear | Villager (Male) |
| 16:44 | Construir | Blacksmith |
| 16:55 | Construir | Lumber Camp |
| 17:12 | Crear | Villager (Male) |
| 17:18 | Construir | Mill |
| 17:21 | Crear | Villager (Male) |
| 17:23 | Crear | Villager (Male) |
| 17:27 | Construir | House |
| 17:38 | Crear | Unit 2626 |
| 18:21 | Crear | Villager (Male) |
| 18:24 | Construir | Lumber Camp |
| 18:30 | Construir | Farm |
| 18:30 | Construir | Farm |
| 18:30 | Construir | Farm |
| 18:30 | Construir | Farm |
| 18:31 | Construir | Farm |
| 18:43 | Crear | Fishing Ship ×5 |
| 18:45 | Crear | Villager (Male) |
| 18:45 | Crear | Villager (Male) |
| 18:46 | Crear | Villager (Male) |
| 19:35 | Construir | Dock |
| 19:38 | Crear | Villager (Male) |
| 19:38 | Crear | Villager (Male) |
| 20:07 | Construir | Mill |
| 20:10 | Crear | Villager (Male) |
| 20:53 | Crear | Villager (Male) |
| 20:54 | Crear | Villager (Male) |
| 21:17 | Construir | Dock |
| 21:19 | Crear | Villager (Male) |
| 21:27 | Investigar | Castle Age |
| 21:42 | Construir | Barracks |
| 22:19 | Construir | Archery Range |
| 22:21 | Construir | Archery Range |
| 22:24 | Construir | Archery Range |
| 22:27 | Investigar | Fletching |
| 22:27 | Investigar | Fletching |
| 22:29 | Crear | Villager (Male) |
| 22:29 | Crear | Villager (Male) |
| 22:29 | Crear | Villager (Male) |
| 22:29 | Crear | Villager (Male) |
| 22:45 | Crear | Fishing Ship ×3 |
| 22:49 | Construir | House |
| 22:49 | Construir | House |
| 22:50 | Crear | Villager (Male) |
| 22:50 | Crear | Villager (Male) |
| 22:53 | Crear | Villager (Male) |
| 22:53 | Crear | Villager (Male) |
| 22:54 | Crear | Villager (Male) |
| 23:12 | Construir | Dock |
| 23:16 | Crear | Villager (Male) |
| 23:17 | Crear | Villager (Male) |
| 23:17 | Crear | Villager (Male) |
| 23:17 | Crear | Villager (Male) |
| 23:36 | Crear | Fishing Ship ×3 |
| 23:36 | Crear | Fishing Ship ×3 |
| 23:42 | Crear | Fishing Ship ×2 |
| 23:46 | Crear | Villager (Male) |
| 23:46 | Crear | Villager (Male) |
| 24:22 | Crear | Villager (Male) |
| 24:22 | Crear | Villager (Male) |
| 24:23 | Edad | Edad de los Castillos |
Build order — OM | Romeo D. Sins
Primeras 150 de 456 acciones detectadas
| 0:23 | Construir | Town Center |
| 0:51 | Construir | Dock |
| 0:54 | Construir | House |
| 2:56 | Investigar | Loom |
| 2:56 | Crear | Villager (Male) |
| 2:56 | Crear | Villager (Male) |
| 2:57 | Crear | Villager (Male) |
| 2:57 | Crear | Villager (Male) |
| 2:57 | Crear | Villager (Male) |
| 2:57 | Crear | Villager (Male) |
| 3:54 | Crear | Villager (Male) |
| 3:54 | Crear | Villager (Male) |
| 3:54 | Crear | Villager (Male) |
| 5:14 | Crear | Villager (Male) |
| 5:14 | Crear | Villager (Male) |
| 5:14 | Crear | Villager (Male) |
| 5:17 | Crear | Fishing Ship |
| 5:31 | Crear | Villager (Male) |
| 5:31 | Crear | Villager (Male) |
| 5:54 | Construir | House |
| 6:04 | Construir | House |
| 6:38 | Crear | Villager (Male) |
| 6:38 | Crear | Villager (Male) |
| 6:39 | Crear | Villager (Male) |
| 6:48 | Crear | Fishing Ship |
| 7:09 | Crear | Villager (Male) |
| 7:09 | Crear | Villager (Male) |
| 7:28 | Crear | Villager (Male) |
| 7:28 | Crear | Villager (Male) |
| 7:30 | Crear | Fishing Ship |
| 8:05 | Crear | Villager (Male) |
| 8:05 | Crear | Villager (Male) |
| 8:08 | Crear | Villager (Male) |
| 8:08 | Crear | Villager (Male) |
| 8:08 | Crear | Villager (Male) |
| 8:27 | Crear | Fishing Ship |
| 8:36 | Crear | Villager (Male) |
| 9:06 | Crear | Villager (Male) |
| 9:41 | Crear | Villager (Male) |
| 9:46 | Construir | House |
| 10:03 | Construir | House |
| 10:18 | Construir | House |
| 10:36 | Construir | Town Center |
| 11:30 | Crear | Villager (Male) |
| 11:31 | Crear | Villager (Male) |
| 12:01 | Crear | Villager (Male) |
| 12:27 | Construir | Mill |
| 12:31 | Crear | Villager (Male) |
| 13:08 | Investigar | Feudal Age |
| 13:08 | Investigar | Feudal Age |
| 13:27 | Construir | Mining Camp |
| 13:34 | Construir | Lumber Camp |
| 13:57 | Crear | Villager (Male) |
| 15:10 | Construir | House |
| 15:20 | Edad | Edad Feudal |
| 15:23 | Crear | Villager (Male) |
| 15:27 | Construir | Market |
| 15:33 | Construir | Blacksmith |
| 15:53 | Crear | Villager (Male) |
| 16:06 | Construir | House |
| 16:07 | Construir | House |
| 16:20 | Construir | Mining Camp |
| 16:32 | Crear | Villager (Male) |
| 16:40 | Construir | Stone Wall |
| 16:42 | Construir | House |
| 16:45 | Construir | Stone Wall |
| 17:00 | Investigar | Castle Age |
| 17:01 | Investigar | Castle Age |
| 17:01 | Investigar | Castle Age |
| 18:24 | Crear | Villager (Male) |
| 18:37 | Construir | Stone Wall |
| 19:18 | Construir | Farm |
| 19:18 | Construir | Farm |
| 19:18 | Construir | Farm |
| 19:18 | Construir | Farm |
| 19:24 | Construir | Farm |
| 19:24 | Construir | Farm |
| 19:40 | Edad | Edad de los Castillos |
| 19:53 | Crear | Villager (Male) |
| 20:19 | Crear | Villager (Male) |
| 20:32 | Crear | Villager (Male) |
| 20:41 | Investigar | Double-Bit Axe |
| 20:41 | Investigar | Double-Bit Axe |
| 20:54 | Construir | Castle |
| 20:57 | Crear | Villager (Male) |
| 21:07 | Construir | House |
| 21:13 | Crear | Villager (Male) |
| 21:18 | Construir | Stone Wall |
| 21:44 | Construir | Palisade Gate |
| 21:55 | Construir | Palisade Gate |
| 22:00 | Crear | Villager (Male) |
| 22:03 | Investigar | Bow Saw |
| 22:04 | Investigar | Bow Saw |
| 22:04 | Investigar | Bow Saw |
| 22:07 | Crear | Throwing Axeman |
| 22:07 | Crear | Throwing Axeman |
| 22:17 | Construir | Farm |
| 22:17 | Construir | Farm |
| 22:17 | Construir | Farm |
| 22:18 | Construir | Farm |
| 22:24 | Crear | Throwing Axeman |
| 22:25 | Crear | Throwing Axeman |
| 22:25 | Crear | Throwing Axeman |
| 22:43 | Crear | Throwing Axeman |
| 22:44 | Crear | Throwing Axeman |
| 22:44 | Crear | Throwing Axeman |
| 23:15 | Crear | Throwing Axeman |
| 23:16 | Crear | Throwing Axeman |
| 23:16 | Crear | Throwing Axeman |
| 23:25 | Crear | Throwing Axeman |
| 23:25 | Crear | Throwing Axeman |
| 23:25 | Crear | Throwing Axeman |
| 23:33 | Crear | Villager (Male) |
| 23:33 | Crear | Villager (Male) |
| 23:33 | Crear | Villager (Male) |
| 23:42 | Crear | Villager (Male) |
| 23:42 | Crear | Villager (Male) |
| 23:47 | Crear | Villager (Male) |
| 23:49 | Construir | Farm |
| 24:27 | Crear | Villager (Male) |
| 24:34 | Crear | Throwing Axeman |
| 24:44 | Crear | Throwing Axeman |
| 24:59 | Crear | Villager (Male) |
| 25:15 | Construir | Town Center |
| 25:18 | Crear | Villager (Male) |
| 25:25 | Crear | Throwing Axeman |
| 25:25 | Crear | Throwing Axeman |
| 25:26 | Crear | Throwing Axeman |
| 25:28 | Crear | Villager (Male) |
| 25:28 | Crear | Villager (Male) |
| 25:28 | Crear | Villager (Male) |
| 25:42 | Crear | Throwing Axeman |
| 25:48 | Crear | Villager (Male) |
| 26:14 | Crear | Throwing Axeman |
| 26:24 | Crear | Villager (Male) |
| 26:26 | Crear | Villager (Male) |
| 26:26 | Crear | Villager (Male) |
| 26:26 | Crear | Villager (Male) |
| 26:49 | Crear | Villager (Male) |
| 26:49 | Crear | Villager (Male) |
| 26:52 | Crear | Villager (Male) |
| 26:52 | Crear | Villager (Male) |
| 27:07 | Investigar | Scale Mail Armor |
| 27:26 | Construir | Town Center |
| 27:30 | Crear | Villager (Male) |
| 27:30 | Crear | Villager (Male) |
| 27:30 | Crear | Villager (Male) |
| 27:36 | Investigar | Forging |
| 27:39 | Crear | Villager (Male) |
| 27:39 | Crear | Villager (Male) |
Build order — MeHawK
Primeras 150 de 386 acciones detectadas
| 0:24 | Construir | Town Center |
| 1:38 | Construir | House |
| 2:29 | Construir | Dock |
| 2:48 | Crear | Villager (Male) |
| 2:48 | Crear | Villager (Male) |
| 3:03 | Crear | Villager (Male) |
| 3:15 | Crear | Villager (Male) |
| 3:55 | Crear | Fishing Ship |
| 4:32 | Investigar | Loom |
| 4:44 | Construir | House |
| 4:46 | Crear | Villager (Male) |
| 4:46 | Crear | Villager (Male) |
| 5:17 | Crear | Villager (Male) |
| 5:18 | Crear | Villager (Male) |
| 5:32 | Crear | Fishing Ship |
| 5:32 | Crear | Fishing Ship |
| 5:51 | Crear | Villager (Male) |
| 5:51 | Crear | Villager (Male) |
| 5:55 | Construir | House |
| 6:12 | Crear | Villager (Male) |
| 6:12 | Crear | Villager (Male) |
| 6:34 | Crear | Fishing Ship |
| 6:39 | Crear | Villager (Male) |
| 6:58 | Crear | Villager (Male) |
| 6:58 | Crear | Villager (Male) |
| 7:09 | Crear | Fishing Ship |
| 7:18 | Crear | Villager (Male) |
| 7:18 | Crear | Villager (Male) |
| 7:26 | Construir | House |
| 7:41 | Crear | Villager (Male) |
| 7:59 | Crear | Villager (Male) |
| 8:09 | Construir | Mining Camp |
| 8:33 | Crear | Villager (Male) |
| 8:37 | Crear | Fishing Ship |
| 8:46 | Crear | Villager (Male) |
| 8:51 | Construir | House |
| 9:24 | Construir | Dock |
| 9:29 | Crear | Villager (Male) |
| 9:45 | Crear | Villager (Male) |
| 9:47 | Crear | Fishing Ship |
| 9:47 | Crear | Fishing Ship |
| 9:49 | Crear | Villager (Male) |
| 10:04 | Crear | Fishing Ship |
| 10:09 | Crear | Villager (Male) |
| 10:18 | Construir | House |
| 10:29 | Construir | Mill |
| 10:53 | Crear | Villager (Male) |
| 10:59 | Crear | Fishing Ship |
| 11:25 | Crear | Villager (Male) |
| 11:27 | Crear | Fishing Ship |
| 11:39 | Construir | House |
| 11:57 | Crear | Fishing Ship |
| 12:15 | Investigar | Feudal Age |
| 12:24 | Construir | Lumber Camp |
| 12:32 | Crear | Fishing Ship |
| 12:33 | Crear | Fishing Ship |
| 12:43 | Construir | House |
| 13:12 | Crear | Fishing Ship |
| 13:20 | Crear | Fishing Ship |
| 13:52 | Construir | Dock |
| 13:58 | Construir | House |
| 14:23 | Crear | Villager (Male) |
| 14:23 | Crear | Villager (Male) |
| 14:25 | Edad | Edad Feudal |
| 14:39 | Construir | Market |
| 15:08 | Construir | Blacksmith |
| 15:17 | Crear | Villager (Male) |
| 15:50 | Construir | Mining Camp |
| 15:55 | Investigar | Double-Bit Axe |
| 15:56 | Investigar | Castle Age |
| 16:07 | Construir | House |
| 16:11 | Construir | Palisade Wall |
| 16:13 | Construir | Palisade Wall |
| 16:26 | Construir | Palisade Wall |
| 16:29 | Construir | Palisade Gate |
| 16:36 | Construir | House |
| 16:47 | Investigar | Stone Mining |
| 16:53 | Investigar | Gold Mining |
| 17:14 | Construir | Barracks |
| 17:36 | Investigar | Fletching |
| 18:01 | Crear | Fishing Ship |
| 18:02 | Crear | Fishing Ship |
| 18:32 | Construir | Stable |
| 18:36 | Edad | Edad de los Castillos |
| 18:37 | Crear | Villager (Male) |
| 18:38 | Crear | Villager (Male) |
| 19:04 | Crear | Villager (Male) |
| 19:19 | Construir | Castle |
| 19:36 | Crear | Fishing Ship |
| 19:37 | Crear | Fishing Ship |
| 19:51 | Crear | Villager (Male) |
| 20:17 | Investigar | Wheelbarrow |
| 20:36 | Crear | Villager (Male) |
| 20:38 | Investigar | Bow Saw |
| 21:02 | Construir | Town Center |
| 21:05 | Crear | Rattan Archer |
| 21:12 | Crear | Villager (Male) |
| 21:36 | Crear | Villager (Male) |
| 21:56 | Construir | Farm |
| 21:57 | Construir | Farm |
| 21:59 | Construir | Farm |
| 22:00 | Construir | Farm |
| 22:01 | Construir | Farm |
| 22:02 | Construir | Farm |
| 22:02 | Construir | Farm |
| 22:10 | Crear | Villager (Male) |
| 22:23 | Construir | Dock |
| 22:29 | Crear | Villager (Male) |
| 22:36 | Construir | Town Center |
| 22:52 | Crear | Villager (Male) |
| 23:04 | Investigar | Imperial Age |
| 23:07 | Crear | Villager (Male) |
| 23:07 | Crear | Villager (Male) |
| 23:07 | Crear | Villager (Male) |
| 23:43 | Crear | Villager (Male) |
| 23:49 | Construir | Stable |
| 23:52 | Investigar | Bloodlines |
| 23:52 | Investigar | Bloodlines |
| 24:02 | Investigar | Horse Collar |
| 24:07 | Crear | Fishing Ship |
| 24:09 | Crear | Fishing Ship |
| 24:09 | Crear | Fishing Ship |
| 24:12 | Construir | House |
| 24:13 | Construir | House |
| 24:27 | Crear | Villager (Male) |
| 24:28 | Crear | Villager (Male) |
| 24:28 | Crear | Villager (Male) |
| 24:33 | Crear | Villager (Male) |
| 24:33 | Crear | Villager (Male) |
| 24:55 | Construir | University |
| 24:58 | Crear | Rattan Archer |
| 24:58 | Crear | Rattan Archer |
| 24:59 | Crear | Rattan Archer |
| 25:00 | Crear | Villager (Male) |
| 25:01 | Crear | Villager (Male) |
| 25:04 | Investigar | Bodkin Arrow |
| 25:37 | Crear | Villager (Male) |
| 25:37 | Crear | Villager (Male) |
| 25:42 | Crear | Rattan Archer |
| 25:42 | Crear | Rattan Archer |
| 26:03 | Investigar | Ballistics |
| 26:13 | Crear | Villager (Male) |
| 26:14 | Crear | Villager (Male) |
| 26:20 | Crear | Villager (Male) |
| 26:21 | Crear | Villager (Male) |
| 26:27 | Edad | Edad Imperial |
| 26:28 | Crear | Trebuchet (Packed) |
| 26:28 | Crear | Trebuchet (Packed) |
| 26:33 | Crear | Villager (Male) |
| 26:33 | Crear | Villager (Male) |
Build order — OM | ingjuanpalencia
Primeras 150 de 283 acciones detectadas
| 0:23 | Construir | Town Center |
| 1:08 | Construir | Dock |
| 1:16 | Construir | House |
| 1:46 | Construir | House |
| 2:49 | Crear | Villager (Male) |
| 2:49 | Crear | Villager (Male) |
| 2:49 | Crear | Villager (Male) |
| 2:49 | Crear | Villager (Male) |
| 2:50 | Crear | Villager (Male) |
| 2:50 | Crear | Villager (Male) |
| 3:57 | Construir | House |
| 4:34 | Crear | Fishing Ship |
| 5:05 | Crear | Villager (Male) |
| 5:06 | Crear | Villager (Male) |
| 5:17 | Crear | Villager (Male) |
| 5:50 | Crear | Villager (Male) |
| 5:50 | Crear | Villager (Male) |
| 6:09 | Crear | Villager (Male) |
| 6:24 | Crear | Villager (Male) |
| 6:30 | Construir | House |
| 7:05 | Crear | Villager (Male) |
| 7:29 | Crear | Villager (Male) |
| 7:38 | Crear | Fishing Ship |
| 7:39 | Crear | Fishing Ship |
| 7:39 | Crear | Fishing Ship |
| 7:57 | Crear | Villager (Male) |
| 8:02 | Construir | House |
| 8:07 | Crear | Fishing Ship |
| 8:36 | Crear | Villager (Male) |
| 8:51 | Crear | Villager (Male) |
| 9:08 | Crear | Fishing Ship |
| 9:17 | Construir | House |
| 9:36 | Crear | Villager (Male) |
| 10:03 | Crear | Villager (Male) |
| 10:09 | Crear | Villager (Male) |
| 10:15 | Construir | Mill |
| 10:23 | Crear | Fishing Ship |
| 10:56 | Construir | Mining Camp |
| 10:56 | Crear | Villager (Male) |
| 11:03 | Crear | Villager (Male) |
| 11:10 | Construir | House |
| 11:40 | Investigar | Loom |
| 12:01 | Construir | Lumber Camp |
| 12:15 | Investigar | Feudal Age |
| 13:31 | Construir | Mill |
| 14:16 | Construir | Mining Camp |
| 14:25 | Edad | Edad Feudal |
| 14:29 | Crear | Villager (Male) |
| 14:38 | Construir | Blacksmith |
| 14:51 | Crear | Villager (Male) |
| 15:12 | Crear | Villager (Male) |
| 15:23 | Construir | Market |
| 16:05 | Investigar | Double-Bit Axe |
| 16:07 | Investigar | Castle Age |
| 16:33 | Construir | House |
| 16:34 | Construir | Palisade Wall |
| 16:39 | Construir | House |
| 16:39 | Construir | Palisade Wall |
| 17:21 | Construir | House |
| 18:00 | Construir | House |
| 18:06 | Construir | House |
| 18:08 | Construir | Palisade Wall |
| 18:36 | Construir | Palisade Wall |
| 18:46 | Construir | Mill |
| 18:47 | Edad | Edad de los Castillos |
| 18:51 | Investigar | Bow Saw |
| 18:51 | Investigar | Bow Saw |
| 18:58 | Construir | Castle |
| 19:03 | Crear | Villager (Male) |
| 19:08 | Crear | Villager (Male) |
| 19:25 | Construir | Palisade Wall |
| 19:31 | Construir | Palisade Wall |
| 19:32 | Construir | Palisade Wall |
| 19:32 | Construir | Palisade Wall |
| 19:34 | Construir | Palisade Wall |
| 19:35 | Construir | Palisade Wall |
| 19:36 | Construir | Palisade Wall |
| 19:39 | Crear | Villager (Male) |
| 19:53 | Investigar | Wheelbarrow |
| 19:59 | Construir | Mill |
| 20:01 | Crear | Villager (Male) |
| 20:26 | Crear | Villager (Male) |
| 20:43 | Crear | Genoese Crossbowman |
| 20:43 | Crear | Genoese Crossbowman |
| 20:43 | Crear | Genoese Crossbowman |
| 20:50 | Crear | Villager (Male) |
| 20:57 | Construir | Town Center |
| 21:06 | Construir | Palisade Gate |
| 21:18 | Crear | Villager (Male) |
| 21:21 | Crear | Genoese Crossbowman |
| 21:21 | Crear | Genoese Crossbowman |
| 21:34 | Construir | House |
| 21:37 | Crear | Genoese Crossbowman |
| 21:42 | Crear | Villager (Male) |
| 22:09 | Crear | Genoese Crossbowman |
| 22:10 | Crear | Villager (Male) |
| 22:18 | Construir | Palisade Gate |
| 22:33 | Construir | Town Center |
| 22:49 | Crear | Villager (Male) |
| 22:50 | Crear | Villager (Male) |
| 22:52 | Crear | Genoese Crossbowman |
| 23:02 | Construir | House |
| 23:08 | Crear | Villager (Male) |
| 23:08 | Crear | Villager (Male) |
| 23:35 | Crear | Genoese Crossbowman |
| 23:36 | Crear | Genoese Crossbowman |
| 23:38 | Crear | Villager (Male) |
| 23:39 | Crear | Villager (Male) |
| 24:04 | Crear | Villager (Male) |
| 24:04 | Crear | Villager (Male) |
| 24:19 | Construir | House |
| 24:20 | Crear | Genoese Crossbowman |
| 24:21 | Crear | Villager (Male) |
| 24:21 | Crear | Villager (Male) |
| 24:23 | Construir | Farm |
| 24:25 | Construir | Mill |
| 24:49 | Crear | Villager (Male) |
| 24:59 | Construir | Mill |
| 25:03 | Crear | Villager (Male) |
| 25:17 | Crear | Genoese Crossbowman |
| 25:17 | Crear | Genoese Crossbowman |
| 25:22 | Construir | House |
| 25:24 | Construir | House |
| 25:28 | Crear | Villager (Male) |
| 25:45 | Crear | Villager (Male) |
| 25:46 | Construir | Farm |
| 26:09 | Crear | Villager (Male) |
| 26:11 | Construir | Farm |
| 26:11 | Crear | Villager (Male) |
| 26:12 | Crear | Villager (Male) |
| 26:26 | Crear | Villager (Male) |
| 26:30 | Construir | House |
| 26:31 | Construir | Palisade Wall |
| 26:36 | Crear | Villager (Male) |
| 26:39 | Construir | House |
| 26:47 | Construir | Siege Workshop |
| 26:50 | Crear | Villager (Male) |
| 26:58 | Crear | Genoese Crossbowman |
| 26:58 | Crear | Genoese Crossbowman |
| 27:22 | Investigar | Fletching |
| 27:26 | Crear | Genoese Crossbowman |
| 27:27 | Crear | Villager (Male) |
| 27:43 | Crear | Mangonel |
| 27:43 | Crear | Mangonel |
| 28:11 | Crear | Villager (Male) |
| 28:18 | Crear | Mangonel |
| 28:21 | Crear | Villager (Male) |
| 28:25 | Construir | House |
| 28:30 | Crear | Genoese Crossbowman |
| 28:41 | Crear | Villager (Male) |
Build order — Saruman117
Primeras 150 de 374 acciones detectadas
| 0:05 | Construir | Town Center |
| 1:24 | Construir | House |
| 1:27 | Construir | Dock |
| 2:32 | Crear | Villager (Male) |
| 2:32 | Crear | Villager (Male) |
| 2:33 | Crear | Villager (Male) |
| 2:33 | Crear | Villager (Male) |
| 2:33 | Crear | Villager (Male) |
| 3:42 | Crear | Fishing Ship |
| 3:42 | Crear | Fishing Ship |
| 4:15 | Investigar | Loom |
| 4:15 | Investigar | Loom |
| 4:25 | Crear | Villager (Male) |
| 4:25 | Crear | Villager (Male) |
| 4:33 | Crear | Fishing Ship |
| 4:37 | Construir | House |
| 5:18 | Crear | Fishing Ship |
| 5:18 | Crear | Fishing Ship |
| 5:32 | Crear | Villager (Male) |
| 5:32 | Crear | Villager (Male) |
| 6:05 | Crear | Fishing Ship |
| 6:05 | Crear | Fishing Ship |
| 6:15 | Crear | Villager (Male) |
| 6:15 | Crear | Villager (Male) |
| 6:32 | Construir | House |
| 6:33 | Crear | Fishing Ship |
| 6:40 | Crear | Villager (Male) |
| 6:41 | Crear | Villager (Male) |
| 7:06 | Crear | Villager (Male) |
| 7:06 | Crear | Villager (Male) |
| 7:14 | Construir | House |
| 7:18 | Crear | Villager (Male) |
| 7:29 | Crear | Villager (Male) |
| 7:29 | Crear | Villager (Male) |
| 8:02 | Crear | Villager (Male) |
| 8:02 | Crear | Villager (Male) |
| 8:23 | Construir | House |
| 8:24 | Crear | Villager (Male) |
| 8:29 | Crear | Fishing Ship |
| 8:51 | Crear | Villager (Male) |
| 8:57 | Construir | House |
| 9:18 | Crear | Villager (Male) |
| 9:19 | Crear | Fishing Ship |
| 9:37 | Crear | Villager (Male) |
| 10:00 | Crear | Villager (Male) |
| 10:12 | Construir | Dock |
| 10:22 | Construir | Palisade Wall |
| 10:28 | Crear | Villager (Male) |
| 10:35 | Construir | Mill |
| 10:42 | Construir | House |
| 10:55 | Crear | Villager (Male) |
| 11:19 | Crear | Fishing Ship |
| 11:20 | Crear | Fishing Ship |
| 11:20 | Crear | Fishing Ship |
| 11:22 | Crear | Villager (Male) |
| 11:26 | Investigar | Feudal Age |
| 11:43 | Construir | Mining Camp |
| 12:11 | Construir | House |
| 12:49 | Crear | Fishing Ship |
| 12:49 | Crear | Fishing Ship |
| 13:29 | Construir | Dock |
| 13:34 | Crear | Villager (Male) |
| 13:51 | Edad | Edad Feudal |
| 13:55 | Crear | Unit 2626 |
| 13:55 | Crear | Unit 2626 |
| 13:56 | Crear | Unit 2626 |
| 13:59 | Crear | Villager (Male) |
| 13:59 | Crear | Villager (Male) |
| 14:06 | Construir | Palisade Wall |
| 14:09 | Construir | Palisade Wall |
| 14:10 | Construir | Palisade Wall |
| 14:18 | Construir | House |
| 14:30 | Construir | Mining Camp |
| 14:52 | Crear | Unit 2626 |
| 15:02 | Crear | Villager (Male) |
| 15:29 | Crear | Villager (Male) |
| 15:41 | Construir | Market |
| 15:45 | Crear | Villager (Male) |
| 16:00 | Crear | Villager (Male) |
| 16:29 | Crear | Villager (Male) |
| 16:33 | Construir | Blacksmith |
| 16:46 | Crear | Unit 2626 |
| 16:47 | Crear | Unit 2626 |
| 16:47 | Crear | Unit 2626 |
| 17:16 | Investigar | Castle Age |
| 17:16 | Investigar | Castle Age |
| 17:36 | Construir | House |
| 17:43 | Investigar | Gold Mining |
| 17:47 | Construir | Palisade Wall |
| 17:48 | Construir | Palisade Wall |
| 17:58 | Construir | Lumber Camp |
| 18:00 | Crear | Unit 2626 |
| 18:00 | Crear | Unit 2626 |
| 18:09 | Investigar | Fletching |
| 18:29 | Investigar | Double-Bit Axe |
| 18:38 | Crear | Villager (Male) |
| 18:43 | Crear | Unit 2626 |
| 18:58 | Investigar | Padded Archer Armor |
| 19:01 | Investigar | Wheelbarrow |
| 19:13 | Crear | Unit 2626 |
| 19:14 | Crear | Unit 2626 |
| 19:55 | Crear | Villager (Male) |
| 19:56 | Edad | Edad de los Castillos |
| 19:57 | Investigar | War Galley (upgrade) |
| 19:57 | Investigar | War Galley (upgrade) |
| 20:12 | Construir | Castle |
| 20:16 | Crear | Villager (Male) |
| 20:52 | Construir | Town Center |
| 20:57 | Crear | Villager (Male) |
| 20:59 | Investigar | Bodkin Arrow |
| 21:36 | Investigar | Bow Saw |
| 21:48 | Crear | Genoese Crossbowman |
| 21:49 | Crear | Genoese Crossbowman |
| 21:49 | Crear | Genoese Crossbowman |
| 21:52 | Crear | Villager (Male) |
| 21:52 | Crear | Villager (Male) |
| 22:22 | Crear | Villager (Male) |
| 22:35 | Construir | Dock |
| 22:37 | Crear | Villager (Male) |
| 23:00 | Crear | Genoese Crossbowman |
| 23:00 | Crear | Genoese Crossbowman |
| 23:01 | Crear | Genoese Crossbowman |
| 23:01 | Crear | Villager (Male) |
| 23:04 | Crear | Villager (Male) |
| 23:09 | Crear | Villager (Male) |
| 23:14 | Construir | Siege Workshop |
| 23:17 | Crear | Villager (Male) |
| 23:22 | Investigar | Town Watch |
| 23:23 | Crear | Genoese Crossbowman |
| 23:24 | Crear | Genoese Crossbowman |
| 23:35 | Crear | Unit 2626 |
| 23:35 | Crear | Unit 2626 |
| 23:36 | Crear | Unit 2626 |
| 23:40 | Crear | Villager (Male) |
| 23:40 | Crear | Genoese Crossbowman |
| 23:41 | Crear | Genoese Crossbowman |
| 23:43 | Crear | Villager (Male) |
| 23:53 | Crear | Genoese Crossbowman |
| 23:53 | Crear | Villager (Male) |
| 23:57 | Construir | House |
| 23:58 | Construir | House |
| 24:01 | Crear | Genoese Crossbowman |
| 24:03 | Crear | Villager (Male) |
| 24:12 | Crear | Battering Ram |
| 24:12 | Crear | Battering Ram |
| 24:14 | Crear | Villager (Male) |
| 24:29 | Crear | Villager (Male) |
| 24:37 | Crear | Battering Ram |
| 24:38 | Crear | Villager (Male) |
| 24:39 | Crear | Genoese Crossbowman |
Build order — OM | Massiosare
Primeras 150 de 179 acciones detectadas
| 0:21 | Construir | Town Center |
| 1:07 | Construir | Dock |
| 1:10 | Construir | House |
| 2:38 | Crear | Villager (Male) |
| 2:38 | Crear | Villager (Male) |
| 2:39 | Crear | Villager (Male) |
| 2:39 | Crear | Villager (Male) |
| 2:39 | Crear | Villager (Male) |
| 2:39 | Crear | Villager (Male) |
| 4:02 | Investigar | Loom |
| 4:09 | Crear | Villager (Male) |
| 4:10 | Crear | Villager (Male) |
| 4:10 | Crear | Villager (Male) |
| 4:25 | Crear | Fishing Ship |
| 4:26 | Crear | Fishing Ship |
| 4:26 | Crear | Fishing Ship |
| 4:47 | Construir | House |
| 5:25 | Crear | Villager (Male) |
| 5:25 | Crear | Villager (Male) |
| 5:51 | Crear | Fishing Ship |
| 5:52 | Crear | Fishing Ship |
| 5:52 | Crear | Fishing Ship |
| 6:19 | Crear | Villager (Male) |
| 6:20 | Crear | Villager (Male) |
| 6:22 | Crear | Villager (Male) |
| 6:23 | Crear | Villager (Male) |
| 6:45 | Crear | Villager (Male) |
| 6:45 | Crear | Villager (Male) |
| 6:45 | Crear | Villager (Male) |
| 7:13 | Crear | Villager (Male) |
| 7:14 | Crear | Villager (Male) |
| 7:21 | Crear | Fishing Ship |
| 7:21 | Crear | Fishing Ship |
| 7:21 | Crear | Fishing Ship |
| 7:25 | Construir | House |
| 7:50 | Crear | Villager (Male) |
| 7:50 | Crear | Villager (Male) |
| 7:51 | Crear | Villager (Male) |
| 7:52 | Crear | Villager (Male) |
| 7:52 | Crear | Villager (Male) |
| 8:11 | Crear | Fishing Ship |
| 8:11 | Crear | Fishing Ship |
| 8:12 | Crear | Fishing Ship |
| 8:19 | Crear | Villager (Male) |
| 8:34 | Construir | House |
| 8:37 | Crear | Villager (Male) |
| 8:37 | Crear | Villager (Male) |
| 8:37 | Crear | Villager (Male) |
| 9:03 | Crear | Villager (Male) |
| 9:03 | Crear | Villager (Male) |
| 9:03 | Crear | Villager (Male) |
| 9:22 | Crear | Fishing Ship |
| 9:22 | Crear | Fishing Ship |
| 9:22 | Crear | Fishing Ship |
| 9:23 | Crear | Fishing Ship |
| 9:49 | Crear | Villager (Male) |
| 9:50 | Crear | Villager (Male) |
| 9:50 | Crear | Villager (Male) |
| 9:50 | Crear | Villager (Male) |
| 9:50 | Crear | Villager (Male) |
| 9:54 | Crear | Fishing Ship |
| 9:54 | Crear | Fishing Ship |
| 9:54 | Crear | Fishing Ship |
| 10:50 | Construir | House |
| 11:38 | Construir | Settlement |
| 12:06 | Construir | Settlement |
| 12:26 | Investigar | Feudal Age |
| 14:43 | Crear | Villager (Male) |
| 14:46 | Edad | Edad Feudal |
| 16:05 | Construir | Town Center |
| 16:53 | Crear | Villager (Male) |
| 17:42 | Crear | Villager (Male) |
| 17:43 | Crear | Villager (Male) |
| 17:43 | Crear | Villager (Male) |
| 17:44 | Crear | Villager (Male) |
| 17:44 | Crear | Villager (Male) |
| 17:44 | Crear | Villager (Male) |
| 17:44 | Crear | Villager (Male) |
| 17:59 | Crear | Unit 2626 |
| 18:20 | Construir | House |
| 18:29 | Construir | Stone Wall |
| 18:39 | Construir | Gate |
| 18:45 | Construir | Gate |
| 19:04 | Construir | Stone Wall |
| 19:07 | Construir | House |
| 19:54 | Construir | House |
| 20:01 | Construir | Market |
| 20:17 | Construir | Palisade Wall |
| 20:19 | Construir | Palisade Wall |
| 20:32 | Construir | Palisade Wall |
| 20:42 | Construir | House |
| 21:50 | Construir | House |
| 22:24 | Construir | House |
| 22:34 | Construir | Palisade Wall |
| 23:16 | Construir | Town Center |
| 24:47 | Crear | Villager (Male) |
| 24:48 | Crear | Villager (Male) |
| 24:48 | Crear | Villager (Male) |
| 24:48 | Crear | Villager (Male) |
| 24:49 | Crear | Villager (Male) |
| 24:49 | Crear | Villager (Male) |
| 24:49 | Crear | Villager (Male) |
| 24:49 | Crear | Villager (Male) |
| 24:50 | Crear | Villager (Male) |
| 25:21 | Construir | Stone Wall |
| 25:27 | Construir | Stone Wall |
| 25:57 | Construir | Palisade Gate |
| 26:13 | Construir | House |
| 26:23 | Construir | Palisade Wall |
| 26:26 | Construir | Palisade Wall |
| 27:44 | Crear | Villager (Male) |
| 27:44 | Crear | Villager (Male) |
| 27:44 | Crear | Villager (Male) |
| 27:45 | Crear | Villager (Male) |
| 27:55 | Construir | Farm |
| 28:02 | Construir | Farm |
| 28:06 | Construir | Farm |
| 28:09 | Construir | Farm |
| 28:34 | Construir | Farm |
| 28:39 | Construir | Farm |
| 28:52 | Construir | Farm |
| 29:12 | Construir | Farm |
| 29:24 | Construir | Farm |
| 29:27 | Crear | Villager (Male) |
| 29:44 | Crear | Villager (Male) |
| 29:55 | Construir | Farm |
| 30:15 | Construir | Stone Wall |
| 30:24 | Construir | Gate |
| 31:04 | Construir | Stone Wall |
| 31:50 | Construir | Blacksmith |
| 31:57 | Crear | Villager (Male) |
| 32:07 | Construir | Settlement |
| 32:19 | Investigar | Castle Age |
| 33:29 | Construir | Barracks |
| 35:02 | Edad | Edad de los Castillos |
| 35:17 | Construir | Archery Range |
| 35:35 | Construir | Town Center |
| 36:02 | Construir | Stone Wall |
| 36:13 | Construir | Stone Wall |
| 36:20 | Construir | Castle |
| 36:31 | Construir | Siege Workshop |
| 37:00 | Crear | Mangonel |
| 37:25 | Construir | Stone Wall |
| 37:31 | Crear | Villager (Male) |
| 37:31 | Crear | Villager (Male) |
| 37:31 | Crear | Villager (Male) |
| 37:59 | Crear | Villager (Male) |
| 38:00 | Crear | Villager (Male) |
| 38:00 | Crear | Villager (Male) |
| 38:00 | Crear | Villager (Male) |
Cronología de la partida
| 0:51 | OM | Romeo D. Sins · first_building Dock |
| 0:54 | Dadagama · first_building Dock |
| 1:07 | OM | Massiosare · first_building Dock |
| 1:08 | OM | ingjuanpalencia · first_building Dock |
| 1:16 | benji · first_building Dock |
| 1:27 | Saruman117 · first_building Dock |
| 2:16 | DonPabloMIjo949 · first_building Dock |
| 2:29 | MeHawK · first_building Dock |
| 10:22 | Saruman117 · wall_segment Palisade Wall x1 |
| 11:48 | benji · age_up feudal |
| 13:51 | Saruman117 · age_up feudal |
| 14:06 | Saruman117 · wall_segment Palisade Wall x1 |
| 14:09 | Saruman117 · wall_segment Palisade Wall x1 |
| 14:10 | Saruman117 · wall_segment Palisade Wall x1 |
| 14:25 | MeHawK · age_up feudal |
| 14:25 | OM | ingjuanpalencia · age_up feudal |
| 14:46 | OM | Massiosare · age_up feudal |
| 15:20 | OM | Romeo D. Sins · age_up feudal |
| 15:31 | DonPabloMIjo949 · age_up feudal |
| 16:11 | MeHawK · wall_segment Palisade Wall x1 |
| 16:13 | MeHawK · wall_segment Palisade Wall x1 |
| 16:26 | MeHawK · wall_segment Palisade Wall x8 |
| 16:34 | OM | ingjuanpalencia · wall_segment Palisade Wall x1 |
| 16:39 | OM | ingjuanpalencia · wall_segment Palisade Wall x1 |
| 16:40 | OM | Romeo D. Sins · wall_segment Stone Wall x3 |
| 16:41 | Saruman117 · first_market_sell 100 food |
| 16:42 | Saruman117 · first_market_buy 100 wood |
| 16:45 | OM | Romeo D. Sins · wall_segment Stone Wall x1 |
| 17:14 | MeHawK · first_building Barracks |
| 17:35 | DonPabloMIjo949 · wall_segment Palisade Wall x6 |
| 17:45 | DonPabloMIjo949 · wall_segment Palisade Wall x7 |
| 17:47 | Saruman117 · wall_segment Palisade Wall x1 |
| 17:48 | Saruman117 · wall_segment Palisade Wall x1 |
| 18:08 | OM | ingjuanpalencia · wall_segment Palisade Wall x13 |
| 18:26 | Dadagama · wall_segment Palisade Wall x1 |
| 18:29 | Dadagama · wall_segment Palisade Wall x1 |
| 18:29 | OM | Massiosare · wall_segment Stone Wall x12 |
| 18:32 | MeHawK · first_building Stable |
| 18:36 | OM | ingjuanpalencia · wall_segment Palisade Wall x10 |
| 18:36 | MeHawK · age_up castle |
| 18:37 | OM | Romeo D. Sins · wall_segment Stone Wall x1 |
| 18:47 | OM | ingjuanpalencia · age_up castle |
| 18:58 | OM | ingjuanpalencia · first_building Castle |
| 19:04 | OM | Massiosare · wall_segment Stone Wall x10 |
| 19:15 | DonPabloMIjo949 · wall_segment Palisade Wall x10 |
| 19:19 | MeHawK · first_building Castle |
| 19:25 | OM | ingjuanpalencia · wall_segment Palisade Wall x13 |
| 19:31 | OM | ingjuanpalencia · wall_segment Palisade Wall x1 |
| 19:32 | OM | ingjuanpalencia · wall_segment Palisade Wall x1 |
| 19:32 | OM | ingjuanpalencia · wall_segment Palisade Wall x1 |
| 19:34 | OM | ingjuanpalencia · wall_segment Palisade Wall x1 |
| 19:35 | OM | ingjuanpalencia · wall_segment Palisade Wall x1 |
| 19:36 | OM | ingjuanpalencia · wall_segment Palisade Wall x1 |
| 19:39 | OM | Romeo D. Sins · first_market_buy 100 stone |
| 19:40 | OM | Romeo D. Sins · age_up castle |
| 19:56 | Saruman117 · age_up castle |
| 20:12 | Saruman117 · first_building Castle |
| 20:16 | DonPabloMIjo949 · age_up castle |
| 20:17 | OM | Massiosare · wall_segment Palisade Wall x1 |
| 20:19 | OM | Massiosare · wall_segment Palisade Wall x1 |
| 20:21 | benji · first_market_buy 100 food |
| 20:32 | OM | Massiosare · wall_segment Palisade Wall x1 |
| 20:54 | OM | Romeo D. Sins · first_building Castle |
| 21:08 | OM | Massiosare · first_market_sell 100 food |
| 21:18 | OM | Romeo D. Sins · wall_segment Stone Wall x1 |
| 21:20 | DonPabloMIjo949 · wall_segment Palisade Wall x4 |
| 21:25 | benji · first_market_sell 500 wood |
| 21:42 | benji · first_building Barracks |
| 22:07 | DonPabloMIjo949 · first_building Castle |
| 22:16 | DonPabloMIjo949 · wall_segment Palisade Wall x1 |
| 22:19 | benji · first_building Archery Range |
| 22:34 | OM | Massiosare · wall_segment Palisade Wall x1 |
| 23:04 | OM | Massiosare · first_market_buy 100 stone |
| 23:14 | Saruman117 · first_building Siege Workshop |
| 24:23 | benji · age_up castle |
| 25:21 | OM | Massiosare · wall_segment Stone Wall x1 |
| 25:27 | OM | Massiosare · wall_segment Stone Wall x1 |
| 26:23 | OM | Massiosare · wall_segment Palisade Wall x1 |
| 26:26 | OM | Massiosare · wall_segment Palisade Wall x1 |
| 26:27 | MeHawK · age_up imperial |
| 26:31 | OM | ingjuanpalencia · wall_segment Palisade Wall x1 |
| 26:36 | MeHawK · first_market_sell 100 food |
| 26:47 | OM | ingjuanpalencia · first_building Siege Workshop |
| 27:00 | DonPabloMIjo949 · wall_segment Palisade Wall x2 |
| 28:53 | benji · first_building Monastery |
| 29:34 | DonPabloMIjo949 · first_building Barracks |
| 30:10 | Dadagama · age_up feudal |
| 30:15 | OM | Massiosare · wall_segment Stone Wall x11 |
| 30:21 | benji · first_building Stable |
| 30:37 | DonPabloMIjo949 · first_building Archery Range |
| 31:04 | OM | Massiosare · wall_segment Stone Wall x3 |
| 31:07 | Dadagama · first_market_buy 100 food |
| 31:08 | Dadagama · first_market_sell 100 stone |
| 32:37 | Saruman117 · first_building Barracks |
| 33:27 | MeHawK · first_market_buy 100 wood |
| 33:29 | OM | Massiosare · first_building Barracks |
| 33:40 | Dadagama · age_up castle |
| 34:20 | Saruman117 · first_building Archery Range |
| 35:02 | OM | Massiosare · age_up castle |
| 35:09 | Saruman117 · age_up imperial |
| 35:13 | OM | Romeo D. Sins · first_building Barracks |
| 35:17 | OM | Massiosare · first_building Archery Range |
| 35:17 | OM | ingjuanpalencia · first_building Barracks |
| 36:02 | OM | Massiosare · wall_segment Stone Wall x4 |
| 36:12 | OM | ingjuanpalencia · first_market_buy 100 wood |
| 36:13 | OM | Massiosare · wall_segment Stone Wall x4 |
| 36:15 | OM | ingjuanpalencia · first_market_sell 100 wood |
| 36:20 | OM | Massiosare · first_building Castle |
| 36:31 | OM | Massiosare · first_building Siege Workshop |
| 36:31 | benji · age_up imperial |
| 37:21 | OM | Romeo D. Sins · first_building Archery Range |
| 37:22 | MeHawK · first_building Archery Range |
| 37:25 | OM | Massiosare · wall_segment Stone Wall x10 |
| 37:57 | OM | Romeo D. Sins · first_market_sell 100 food |
| 38:10 | OM | Massiosare · wall_segment Stone Wall x3 |
| 39:21 | DonPabloMIjo949 · first_building Stable |
| 39:28 | OM | ingjuanpalencia · age_up imperial |
| 39:30 | Dadagama · first_building Barracks |
| 39:45 | OM | Romeo D. Sins · age_up imperial |
| 40:12 | Dadagama · first_building Stable |
| 42:10 | DonPabloMIjo949 · resign |
[ ANÁLISIS IA · 1 CRÉDITO ]
¿Qué pasó realmente en esta partida?
Wolo.gg analiza cada decisión: build order, eco, micro, errores típicos por bracket. Análisis personalizado por WhatsApp o Discord en 30 segundos.
Guía civ
Persas
Guía mapa
Nomad
Perfil
Jugador #11526726